 Dungeon Crawl Stone Soup version 0.32-a0-132-g2d33c3cfaf (webtiles) character file.

Game seed: 1205980856585324303

89 Dittersdorf the Trooper (level 4, -1/29 HPs)
             Began as a Gargoyle Fighter on Feb 9, 2024.
             Slain by an orc wizard
             ... wielding a +0 dagger
              (4 damage)
             ... on level 2 of the Dungeon.
             The game lasted 00:01:38 (1597 turns).

Dittersdorf the Trooper (Gargoyle Fighter)          Turns: 1597, Time: 00:01:39

Health: -1/29      AC: 10    Str: 21    XL:     4   Next: 55%
Magic:  4/4        EV:  9    Int:  9    God:
Gold:   148        SH:  4    Dex:  9    Spells: 3/3 levels left

rFire   . . .        a - +0 flail
rCold   . . .        c - +0 buckler
rNeg    + . .        b - +0 scale mail
rPois   ∞            (no helmet)
rElec   +            (no cloak)
rCorr   .            (no gloves)
SInv    .            (no boots)
Will    .....        (no amulet) Stlth
                     (no ring)
HPRegen 0.24/turn    (no ring)
MPRegen 0.09/turn

%: no passive effects
@: no status effects
A: sickness immunity, AC +3, negative energy resistance 1, electricity
resistance, torment resistance 1, petrification resistance
a: no special abilities


You were on level 2 of the Dungeon.
You visited 1 branch of the dungeon, and saw 3 of its levels.

You collected 148 gold pieces.

Inventory:

Hand Weapons
 a - a +0 flail (weapon)
Armour
 b - a +0 scale mail (worn)
 c - a +0 buckler (worn)
Jewellery
 g - a ring of willpower
 h - a +6 ring of dexterity
Scrolls
 e - 5 scrolls of identify {unknown}
 f - a scroll of revelation {unknown}
 i - a scroll of enchant weapon {unknown}
 k - a scroll of immolation {unknown}
Potions
 d - 2 potions of might
 j - a potion of haste {unknown}


   Skills:
 + Level 4.0 Fighting
 + Level 2.8 Maces & Flails
 + Level 4.0 Armour
 + Level 4.0 Shields


You had 3 spell levels left.
You didn't know any spells.
Your spell library was empty.

Dungeon Overview and Level Annotations

Branches:
Dungeon (3/15)

Altars:


Innate Abilities, Weirdness & Mutations

You are immune to sickness and miasma.
Your stone body is resilient. (AC +3)
You are immune to poison.
You resist negative energy. (rN+)
You are resistant to electric shocks. (rElec)
You are resistant to unholy torment.
You are immune to petrification.


Message History

Something tries to affect you, but you resist.
You hear some strange, mumbled words.
Something tries to affect you, but you resist.
There is a stone staircase leading up here.
Something hits you but does no damage.
There is a stone staircase leading up here.
You miss something. Something hits you but does no damage.
You barely miss something. Something hits you. x2
You closely miss something. Something hits you but does no damage.
You miss something. Something hits you but does no damage.
You barely miss something. Something hits you but does no damage.
You hit something.
You hear some strange, mumbled words.
A puff of flame appears from out of thin air!
The puff of flame hits you. Something hits you.
You thump something!
You hear some strange, mumbled words.
A magic dart appears from out of thin air!
The magic dart hits you.
You miss something.
You hear some strange, mumbled words.
A magic dart appears from out of thin air!
The magic dart hits you!
* * * LOW HITPOINT WARNING * * *
You miss something.
You hear some strange, mumbled words.
Something tries to affect you, but you resist.
You miss something. Something hits you but does no damage. Something hits you.
* * * LOW HITPOINT WARNING * * *
You miss something. Something hits you but does no damage. Something hits you.
* * * LOW HITPOINT WARNING * * *
You climb upwards.
Reactivating autopickup.
There is a stone staircase leading down here.
Deactivating autopickup; reactivate with Ctrl-A.
You hit something. You block something's attack.
You hit something but do no damage.
Something hits you but does no damage. x2
You miss something. Something hits you.
You die...

..##########.####.##..##########.
.........###.# #.##.##### #.
..######.....####........# #. ..#
###...÷.##........# #####. ..#
##.###...........###...>. ..###
##..###......÷.......)....
....####..(....<####..######.....
###.##...#......## ##....<.#.....
###..#.###...##.@# ######.######
#..(...#..(#####.# #..#####
#....÷.#.### #.# ##......
#......#.# #.# ######<
#.....#..### #.# #.
#..........### #.## ##.
#.....>.##...# #..# #..
#.....#.####.####.######## #..
#.....#.# #...........÷.######..


There were no monsters in sight!

Vanquished Creatures
  3 adders
  5 dart slugs
  A ribbon worm (D:2)
  5 bats
  6 endoplasms
  4 goblins
  3 hobgoblins
  3 jackals (D:1)
  3 kobolds
  3 quokkas
  7 ball pythons
  4 frilled lizards
  3 rats
50 creatures vanquished.

Notes
Turn   | Place    | Note
-------+----------+-------------------------------------------
     0 | D:1      | Dittersdorf the Gargoyle Fighter began the quest for the
                  | Orb.
     0 | D:1      | Reached XP level 1. HP: 14/14 MP: 1/1
   143 | D:1      | Reached XP level 2. HP: 19/19 MP: 2/2
   670 | D:1      | Reached XP level 3. HP: 23/23 MP: 3/3
  1129 | D:2      | Reached XP level 4. HP: 18/29 MP: 4/4
  1413 | D:2      | Found a faded altar of an unknown god.
  1593 | D:3      | HP: 1/29 [something (1)]
  1597 | D:2      | Slain by an orc wizard

Illustrated notes

Levels and vault maps discovered:
D:1:      pf_arrival_petrified_forest, layout_basic
D:2:      layout_rooms, shapermc_ecumenical_altar_petra, minmay_misc_feat_tiny
D:3:      kennysheep_slugbush, layout_basic, uniq_jessica, uniq_terence

Skill      XL: |  1  2  3  4 |
---------------+-------------+-----
Fighting       | 4 |  4.0
Armour         | 4 |  4.0
Shields        | 4 |  4.0
Maces & Flails | |  2.8

Action                     |  1- 3 |  4- 6 || total
---------------------------+-------+-------++-------
  Melee: Flail             |   175 |    69 ||   244
 Armour: Scale mail        |   133 |    51 ||   184
  Dodge: Dodged            |    93 |    29 ||   122
  Block: Buckler           |    57 |    12 ||    69

Table legend: (Time is in decaauts)
 A = Elapsed time spent in this place.
 B = Non-inter-level travel time spent in this place.
 C = Inter-level travel time spent in this place.
 D = Time resting spent in this place.
 E = Time spent auto-exploring this place.
 F = Levels seen in this place.
 G = Mean time per level.
                   A        B        C        D        E       F      G
               +--------+--------+--------+--------+--------+-----+--------+
         Total |   1675 |   1598 |     77 |      9 |   1088 |   3 |  558.3 |
       Dungeon |   1675 |   1598 |     77 |      9 |   1088 |   3 |  558.3 |
               +--------+--------+--------+--------+--------+-----+--------+

Top non-repeatable levels by time:
     D:1: 772 daAuts
     D:2: 764 daAuts
     D:3: 139 daAuts
